Map: Romanticide LE

Players

Ziggy

  • Race: Terran Terran
  • Spawn Location: 5:00

Reynor - Winner!

  • Race: Zerg Zerg
  • League: Master
  • Spawn Location: 11:00

Event: DreamHack SC2 Masters 2020 Winter

VOD

Have the link to the VOD?

Description

Time

  • Played on: Oct. 27, 2020, 11:20 a.m.
  • Length: 7:02

All games in this series

Show
View Real Time Build Order
Export as new Build Order

Ziggy Terran 

Build Orders:  

Get SALT Encoding   

  12  0:00  SCV  
  13  0:12  SCV  
  14  0:17  Supply Depot  
  14  0:24  SCV  
  15  0:39  SCV  
  15  0:41  Barracks  
  16  0:43  Refinery  
  16  0:51  SCV  
  17  0:59  Barracks  
  17  1:03  SCV  
  18  1:15  SCV  
  19  1:28  Orbital Command, Reaper  
  20  1:35  Barracks  
  20  1:40  Refinery  
  20  1:45  Reaper  
  21  1:51  Supply Depot  
  21  1:55  SCV  
  22  2:02  Reaper  
  23  2:13  SCV  
  24  2:18  Reaper  
  24  2:22  Reaper  
  26  2:34  Reaper  
  26  2:41  Command Center  
  26  2:48  Supply Depot  
  26  2:50  Reaper  
  27  2:52  SCV  
  27  2:54  Reaper  
  29  3:04  SCV  
  30  3:06  Reaper  
  31  3:16  SCV, Barracks  
  32  3:22  Reaper  
  32  3:26  Reaper  
  34  3:35  SCV  
  34  3:38  Barracks, Reaper  
  36  3:47  SCV  
  37  3:51  Engineering Bay  
  37  3:54  Reaper  
  37  3:55  Orbital Command  
  38  3:58  Reaper  
  38  3:59  SCV  
  40  4:03  Reaper  
  41  4:11  Refinery, Reaper  
  41  4:12  SCV  
  43  4:21  Terran Infantry Weapons Level 1  
  43  4:22  SCV  
  43  4:24  SCV  
  45  4:31  Reaper  
  46  4:34  SCV  
  46  4:36  SCV  
  48  4:39  Supply Depot, Reaper  
  49  4:46  SCV  
  49  4:48  SCV  
  49  4:52  Reaper x2  
  53  4:58  SCV  
  54  5:01  SCV, Reaper  
  54  5:06  Reaper  
  57  5:10  SCV  
  57  5:11  Supply Depot  
  57  5:12  Reaper  
  57  5:13  Supply Depot, SCV  
  60  5:22  SCV  
  60  5:24  Reaper  
  61  5:31  Reaper  
  61  5:33  Reaper  
  62  5:38  Reaper  
  61  5:45  Reaper  
  48  5:50  SCV  
  48  5:51  Command Center  
  48  5:52  Refinery  
  48  5:54  SCV  
  50  5:59  Marine  
  50  6:02  SCV  
  50  6:03  Factory  
  51  6:06  SCV  
  51  6:07  Barracks Tech Lab, Marine  
  51  6:11  Barracks Reactor  
  53  6:14  SCV  
  53  6:16  Marine  
  53  6:18  SCV  
  56  6:20  Missile Turret  
  56  6:24  Marine  
  57  6:26  SCV  
  57  6:30  Missile Turret, SCV  
  59  6:35  Missile Turret  
Show
View Real Time Build Order
Export as new Build Order

Reynor Zerg - Winner!

Build Orders: Pool First 

Get SALT Encoding   

  12  0:00  Drone  
  13  0:12  Overlord  
  13  0:17  Drone  
  14  0:30  Drone x2  
  16  0:37  Drone  
  16  0:42  Extractor  
  16  0:46  Drone  
  17  0:50  Spawning Pool  
  17  0:56  Drone  
  17  1:07  Drone  
  18  1:25  Drone  
  19  1:27  Hatchery  
  18  1:37  Queen, Zergling x2  
  21  1:43  Metabolic Boost  
  21  1:50  Overlord  
  21  1:55  Zergling x2  
  22  2:09  Drone  
  22  2:11  Zergling x2  
  22  2:13  Queen  
  26  2:26  Zergling x2  
  27  2:37  Drone  
  27  2:38  Queen  
  27  2:39  Zergling x2  
  27  2:43  Drone  
  32  2:45  Drone x3  
  32  2:51  Overlord  
  35  2:57  Spore Crawler  
  34  3:02  Drone  
  36  3:09  Zergling x4  
  36  3:11  Zergling x2  
  41  3:20  Zergling x2, Overlord  
  41  3:22  Zergling x4  
  41  3:26  Lair  
  42  3:27  Drone  
  42  3:30  Drone  
  44  3:40  Drone  
  44  3:41  Drone  
  45  3:44  Drone  
  45  3:47  Extractor, Overlord  
  45  3:48  Drone x2  
  47  3:51  Drone  
  47  3:54  Drone x2  
  47  3:55  Drone  
  51  3:57  Zergling x2  
  52  4:04  Overlord  
  52  4:07  Drone  
  55  4:13  Drone  
  55  4:17  Drone  
  57  4:19  Drone  
  57  4:23  Drone x2  
  60  4:25  Spire  
  60  4:26  Extractor  
  60  4:27  Extractor  
  60  4:29  Drone x2  
  60  4:30  Zergling x4  
  59  4:33  Overlord  
  59  4:39  Drone  
  59  4:40  Drone  
  59  4:42  Queen  
  63  4:50  Drone  
  63  4:51  Drone  
  65  4:54  Drone x2  
  65  4:55  Drone  
  68  5:08  Overlord  
  68  5:13  Hatchery  
  67  5:18  Zergling x10  
  71  5:23  Zergling x2  
  71  5:24  Zergling x4  
  74  5:29  Overlord  
  74  5:34  Zergling x6  
  74  5:35  Zergling x2  
  76  5:37  Zergling x2  
  71  5:46  Zergling x2  
  71  5:47  Queen  
  62  5:52  Overlord  
  62  5:53  Mutalisk x3  
  62  5:54  Mutalisk  
  62  5:56  Hatchery  
  69  6:07  Mutalisk x2  
  73  6:13  Mutalisk  
  75  6:19  Mutalisk x3  
  75  6:22  Zergling x2  
  82  6:28  Zergling x4  
  82  6:32  Mutalisk  
  86  6:34  Overlord  
  86  6:35  Zergling x2  
Tags
 
Add a new tag
Caveats
  • Supply blocks, unpowered buildings, or Contaminate may cause inaccurate times.
  • Supply counts are checked every 10 seconds.